 Dungeon Crawl Stone Soup version 0.18.1-1-g2f07953 (webtiles) character file.

27 Eucla the Cudgeler (level 3, -2/35 HPs)
             Began as an Ogre Air Elementalist on May 6, 2016.
             Slain by a gnoll
             ... wielding a +0 halberd
              (17 damage)
             ... on level 2 of the Dungeon.
             The game lasted 00:03:06 (1547 turns).

Eucla the Cudgeler (Ogre Air Elementalist)          Turns: 1547, Time: 00:03:06

Health: -2/35      AC:  3    Str: 13    XL:     3   Next: 10%
Magic:  1/6        EV: 10    Int: 14    God:
Gold:   73         SH:  0    Dex: 11    Spells: 1 memorised, 5 levels left

rFire  . . .     SeeInvis .     g - +0 flail
rCold  . . .     Gourm    .     a - +0 robe
rNeg   . . .     Faith    .     (no shield)
rPois  .         Spirit   .     (helmet restricted)
rElec  .         Dismiss  .     (no cloak)
rCorr  .         Reflect  .     (gloves unavailable)
SustAt .         Harm     .     (boots unavailable)
MR     .....                    (no amulet)
Stlth  +.........               (no ring)
                                (no ring)

@: not resistant to hostile enchantments, very unstealthy
A: unfitting armour, tough skin 1
a: no special abilities


You were on level 2 of the Dungeon.
You were not hungry.

You visited 1 branch of the dungeon, and saw 2 of its levels.

You collected 73 gold pieces.

Inventory:

Hand Weapons
 d - a +0 club
 g - a +0 flail (weapon)
 j - a +0 mace
Armour
 a - a +0 robe (worn)
Jewellery
 e - an uncursed amulet of faith {unknown}
Scrolls
 f - a scroll of identify {unknown}
 h - a scroll of remove curse {unknown}
 i - 2 scrolls of immolation {unknown}
 k - a scroll of recharging {unknown}
 m - a scroll of fear {unknown}
 n - 2 scrolls of teleportation {unknown}
Books
 b - a book of Air

   Spells                             Type                      Level
   a - Shock                          Conjuration/Air              1
   b - Swiftness                      Charms/Air                   2
   c - Repel Missiles                 Charms/Air                   2
   d - Static Discharge               Conjuration/Air              3
   e - Lightning Bolt                 Conjuration/Air              5
Miscellaneous
 l - a plain deck of war
Comestibles
 c - 2 bread rations


   Skills:
 + Level 2.0 Fighting
 * Level 2.5 Maces & Flails
 - Level 1.8 Dodging
 - Level 1.5 Stealth
 - Level 2.4 Spellcasting
 - Level 0.6 Conjurations
 - Level 2.1 Air Magic


You had 5 spell levels left.
You knew the following spells:

 Your Spells              Type           Power        Failure   Level  Hunger
a - Shock                 Conj/Air       #...         14%         1    #......


Dungeon Overview and Level Annotations

Branches:
Dungeon (2/15)

Altars:
Nemelex Xobeh


Innate Abilities, Weirdness & Mutations

You are too large for most types of armour.
You have tough skin (AC +1).


Message History

The gnoll hits you from afar with a halberd.
The gnoll closely misses you.
Casting: Shock
Confirm with . or Enter, or press ? or * to list all spells.
Aiming: Shock
Press: ? - help, Shift-Dir - straight line, f/p - gnoll
Aim: a gnoll, wielding a halberd (moderately wounded)
The zap hits the gnoll.
The gnoll appears unharmed.
The gnoll is moderately wounded.
The gnoll barely misses you.
Casting: Shock
Confirm with . or Enter, or press ? or * to list all spells.
Aiming: Shock
Press: ? - help, Shift-Dir - straight line, f/p - gnoll
Aim: a gnoll, wielding a halberd (moderately wounded)
The zap hits the gnoll.
The gnoll is heavily wounded.
The gnoll hits you from afar with a halberd.
The gnoll hits you from afar with a halberd!
You die...

.######..###.# #
.........# ..## #.
.######.$###..... ##.#..
#....#...#### .....#
#.#........... #....#
#.#..##.#####.
####....###.#gg# .####
..............##..... #
#.....#...@.....##
#.###.....#....).##.#
#...................#
#................########
#..........#.............
.###................####
#.._.######........#
#....# #.####.#.# ####.#
#.. .....


You could see 2 gnolls.

Vanquished Creatures
  A gnoll (D:1)
  A dart slug (D:1)
  2 goblins (D:1)
  3 hobgoblins (D:1)
  A bat (D:1)
  A giant newt (D:1)
  4 kobolds (D:1)
  4 rats (D:1)
17 creatures vanquished.

Notes
Turn   | Place    | Note
--------------------------------------------------------------
     0 | D:1      | Eucla the Ogre Air Elementalist began the quest for the Orb.
     0 | D:1      | Reached XP level 1. HP: 16/16 MP: 3/3
   216 | D:1      | Reached skill level 1 in Fighting
   225 | D:1      | Reached skill level 1 in Maces & Flails
   288 | D:1      | Reached XP level 2. HP: 20/27 MP: 3/5
  1176 | D:1      | Reached XP level 3. HP: 4/35 MP: 0/6
  1462 | D:2      | Found a sparkling altar of Nemelex Xobeh.
  1547 | D:2      | Slain by a gnoll

Skill      XL: |  1  2 |
---------------+-------+-----
Fighting       | 1 2 |  2.0
Maces & Flails | 1 2 |  2.5
Dodging        | |  1.8
Stealth        | |  1.5
Spellcasting   | |  2.4
Conjurations   | |  0.6
Air Magic      | |  2.1

Action                   || total
-------------------------++-------
Melee: Club              ||    31
       Unarmed           ||    10
       Mace              ||    19
 Cast: Shock             ||    16
  Use: Potion            ||     1
  Eat: Meat ration       ||     1
Armor: Robe              ||    22
Dodge: Dodged            ||    56
